cohdb
Replays
Latest Replays
All Replays
Popular Replays
Top Player Replays
Match Explorer
How It Works
Community
CoH3 Stats
Reddit
Sign in to upload your games and track your stats! →
Sign in with Steam
Match 46558515
Unlisted
Match 46558515
Overview
Messages
Build Orders
End
Royal Engineer Section
Construct Section Command Post
Selects Air and Sea Battlegroup
Infantry Section
Dingo Light Scout Car
Infantry Section
Construct Field Infirmary
Selects Supply Surplus
Construct Field Infirmary
Grenade Package
Selects UNKNOWN (223837)
Construct Platoon Command Post
6-pounder Anti-tank Gun Team
Humber Armored Car
Selects Commando Section Paradrop
Selects M1 Pack Howitzer Paradrop
M1 Pack Howitzer Paradrop
NooJ
_Totone_
Faltun
Spielführer
0
0
Comments
sign in to comment!
No comments posted yet!